 Dungeon Crawl Stone Soup version 0.18.1-50-g88ac8fd (webtiles) character file.

105380 go0n the Warrior (level 15, -5/131 HPs)
             Began as a Minotaur Fighter on Sept 25, 2016.
             Was the Champion of Qazlal.
             Killed from afar by an orc sorcerer (25 damage)
             ... with a bolt of negative energy
             ... on level 2 of the Orcish Mines.
             The game lasted 01:44:49 (20759 turns).

go0n the Warrior (Minotaur Fighter)                Turns: 20759, Time: 01:44:50

Health: -5/131     AC:  8    Str: 25    XL:     15   Next: 94%
Magic:  11/14      EV: 13    Int:  5    God:    Qazlal [******]
Gold:   2133       SH: 21    Dex: 14    Spells: 0 memorised, 14 levels left

rFire  + + .     SeeInvis .     p - +3 short sword (distort)
rCold  + . .     Gourm    .     N - +4 ring mail of Piamp {*Drain MR+ Regen+ Dex+2}
rNeg   . . .     Faith    .     J - +0 shield
rPois  .         Spirit   .     (helmet restricted)
rElec  .         Dismiss  .     u - +2 cloak
rCorr  +         Reflect  .     X - +2 pair of gloves {rF+}
SustAt .         Harm     .     I - +0 pair of boots
MR     ++...                    o - amulet of regeneration
Stlth  +.........               U - +4 ring of evasion
                                t - ring of resist corrosion

@: corroded, studying Short Blades, repel missiles, very heavily drained, very
resistant to hostile enchantments, very unstealthy
A: retaliatory headbutt, horns 2, cold resistance 1, fire resistance 1, frail 1
a: Upheaval, Elemental Force, Disaster Area, Renounce Religion


You were on level 2 of the Orcish Mines.
You worshipped Qazlal.
Qazlal was exalted by your worship.
You were very full.

You visited 3 branches of the dungeon, and saw 20 of its levels.
You also visited: Sewer and Volcano.

You collected 2279 gold pieces.
You spent 146 gold pieces at shops.

Inventory:

Hand Weapons
 e - a +3 hand axe of draining
 p - a +3 short sword of distortion (weapon)
 r - a +0 executioner's axe
Armour
 a - the +2 scale mail of Daisies {rN+ MP+9}
   (You found it on level 8 of the Lair of Beasts)

   It protects you from negative energy.
   It affects your magic capacity (+9).
 u - a +2 cloak (worn)
 I - a +0 pair of boots (worn)
 J - a +0 shield (worn)
 N - the +4 ring mail of Piamp (worn) {*Drain MR+ Regen+ Dex+2}
   (You took it off an orc warrior on level 8 of the Dungeon)

   It affects your dexterity (+2).
   It affects your resistance to hostile enchantments.
   It increases your rate of regeneration.
   It causes draining when unequipped.
 X - a +2 pair of gloves of fire resistance (worn)
Jewellery
 o - an amulet of regeneration (around neck)
 t - a ring of resist corrosion (left hand)
 M - an uncursed ring of protection from cold
 Q - an uncursed amulet of dismissal
 S - an uncursed ring of magical power
 U - a +4 ring of evasion (right hand)
Wands
 b - a wand of flame (6/48)
 g - a wand of lightning (0/15)
 i - a wand of lightning (0/15)
 j - a wand of paralysis (4/24)
 q - a wand of lightning (8/15)
 x - a wand of random effects (31/48)
 A - a wand of paralysis (5/24)
 B - a wand of iceblast (8/15)
 C - a wand of digging (3/24)
 G - a wand of slowing (42/48)
 K - a wand of acid (1/15)
 R - a wand of confusion (20/48)
 T - a wand of disintegration (12/24)
Scrolls
 d - 10 scrolls of remove curse
 l - 2 scrolls of identify
 s - 6 scrolls of teleportation
 y - a scroll of fear
 z - 2 scrolls of recharging
 F - a scroll of blinking
 H - a scroll of magic mapping
Potions
 c - a potion of brilliance
 k - 2 potions of curing
 n - 4 potions of agility
 O - a potion of berserk rage
 P - a potion of flight
 W - a potion of invisibility
Books
 f - a manual of Short Blades
Comestibles
 v - 8 bread rations
 w - 10 meat rations
 D - a slice of pizza
 E - 29 fruits
 Z - a beef jerky


   Skills:
 + Level 16.8(12.0) Fighting
 * Level 16.4(11.6) Short Blades
 - Level 14.3(9.7) Axes
 - Level 3.6(0.1) Armour
 - Level 16.2(11.4) Shields


You had 14 spell levels left.
You didn't know any spells.

Dungeon Overview and Level Annotations

Branches:
Dungeon (10/15)            Temple (0/1) D:4            Lair (8/8) D:10
  Swamp (0/4) Lair:6        Snake (0/4) Lair:6        Slime (0/6) Lair:6
    Orc (2/2) D:10            Elf (0/3) Orc:2

Altars:
Dithmenos
Gozag
Nemelex Xobeh
Pakellas
Qazlal
Ru
Trog
Vehumet
Yredelemnul
Zin
Beogh
Jiyva

Shops:
D:4 ?   D:10 %(   Orc:1 :   Orc:2 ?%

Annotations:
D:9 Grum
Abyss:1 Erica, Fannar, Saint Roka


Innate Abilities, Weirdness & Mutations

You reflexively headbutt those who attack you in melee.
You have a pair of horns on your head.
Your flesh is cold resistant.
Your flesh is heat resistant.
You are frail (-10% HP).


Message History

You block the orc sorcerer's attack.
You completely miss the orc sorcerer. Your headbutt misses the orc sorcerer.
The orc sorcerer is lightly wounded.
The orc wizard casts a cantrip, but nothing happens.
You barely miss the orc sorcerer.
The orc sorcerer is lightly wounded.
You block the orc sorcerer's attack.
Read which item? (? for menu, Esc to quit)
As you read the scroll of fear, it crumbles to dust.
You assume a fearsome visage.
The orc sorcerer looks frightened!
The orc warrior looks frightened!
The orc priest looks frightened!
The orc wizard looks frightened!
The orc sorcerer resists with some effort.
The orc wizard is engulfed in roaring flames.
The orc wizard mumbles some strange words.
The orc wizard flickers and vanishes!
Deactivating autopickup; reactivate with Ctrl-A.
The orc sorcerer casts a spell at you. The bolt of negative energy hits you!
You feel drained.
You die...

......##.......#.......#....(...#
.....##............_......(.....#
...............#......o#.........
...............#.......#....§§<.)
...........#...##.....##...##.#[(
##.......####..####.####..###.#.[
#...)))....###§.§§{.o....######.[
##.........#....§..o(...........<
.......§.......o@§(.##(..(.....[.
.....#..§......§.§§.#............
....###.......§..(..##...........
......#####.....#.#####.#.......#
.......# #.#.<..#.# ###.....###
.#.....#####..##### #......##
#.......# #.#.# ####.......##
.....#.## ##### ##.#..........
......## ##........#....


You could see 2 orc sorcerers, an orc warrior (fleeing) and an orc priest
(fleeing).

Vanquished Creatures
  A stone giant (Orc:1)
  2 catoblepae (Lair:8)
  7 hydras
  2 centaur warriors
  11 death yaks
  A lindwurm (Lair:4)
  Pikel (D:9)
  A hill giant (D:9)
  4 griffons
  An orc knight (Orc:2)
  A deep elf mage (Volcano)
  5 orc sorcerers
  2 manticores
  3 black mambas
  9 elephants
  An orange demon (Orc:2)
  A smoke demon (Orc:2)
  11 spiny frogs
  5 komodo dragons
  13 rime drakes
  A polar bear (Lair:4)
  3 trolls
  3 two-headed ogres
  Prince Ribbit (D:7)
  A slime creature (D:9)
  18 blink frogs
  A spriggan (D:7)
  A ynoxinul (Orc:2)
  33 yaks
  2 fire bats (Volcano)
  A hog (Volcano)
  9 wyverns
  16 hippogriffs
  8 basilisks
  A steam dragon (Lair:5)
  2 chaos spawn (Orc:2)
  A naga (Lair:6)
  A warg (Orc:1)
  20 water moccasins
  15 porcupines
  A black bear (D:9)
  23 orc warriors
  A sky beast (D:5)
  A slave (D:9)
  2 ice beasts
  3 ogres
  A phantom (D:9)
  A centaur (Volcano)
  32 wolves
  17 crocodiles
  16 giant frogs
  A gnoll sergeant (D:6)
  2 scorpions
  8 killer bees
  5 electric eels
  3 howler monkeys
  3 crimson imps
  A quasit (D:8)
  7 hounds
  2 giant frog zombies
  A jelly (D:9)
  7 orc wizards
  A giant frog skeleton (D:5)
  Ijyb (D:2)
  14 orc priests
  A centaur skeleton (D:5)
  Jessica (D:2)
  6 iguanas
  Terence (D:2)
  2 hell rats (Lair:7)
  6 worker ants
  20 sheep
  A hound zombie (D:7)
  A hound skeleton (D:6)
  5 gnolls (D:6)
  15 adders
  80 river rats
  4 shadow imps
  4 oozes
  An adder skeleton (D:7)
  An adder zombie (D:9)
  2 worms
  3 dart slugs
  4 giant geckos
  50 orcs
  16 ball pythons
  2 giant cockroaches (D:4)
  2 goblins (D:2)
  9 hobgoblins
  9 jackals
  6 quokkas
  10 bats
  A giant gecko skeleton (D:6)
  8 giant newts
  6 kobolds
  2 quokka zombies
  30 rats
  7 bushes
  77 fungi
  44 plants
811 creatures vanquished.

Vanquished Creatures (collateral kills)
  An orc warrior (Orc:2)
1 creature vanquished.

Vanquished Creatures (others)
  A hydra (Lair:5)
  A catoblepas (Lair:8)
  2 death yaks
  A deep elf mage (Volcano)
  4 elephants
  2 spiny frogs (Lair:1)
  3 komodo dragons
  A two-headed ogre (Volcano)
  A wyvern (D:10)
  6 yaks
  2 hippogriffs
  A basilisk (Lair:3)
  A warg (Orc:1)
  A water moccasin (Lair:6)
  3 orc warriors (Orc:2)
  3 slaves (D:9)
  2 sky beasts (D:7)
  A wolf (Lair:7)
  A necrophage (D:7)
  A crocodile (Lair:2)
  2 giant frogs
  A scorpion (D:9)
  2 killer bees (D:7)
  A howler monkey (D:10)
  2 orc priests
  An orc wizard (Orc:2)
  An iguana (Lair:6)
  A gnoll (D:3)
  2 adders
  2 river rats
  An orc (Orc:2)
  A giant cockroach (D:6)
  A rat (Sewer)
  22 fungi
  23 plants
101 creatures vanquished.

Grand Total: 913 creatures vanquished

Notes
Turn   | Place    | Note
--------------------------------------------------------------
     0 | D:1      | go0n the Minotaur Fighter began the quest for the Orb.
     0 | D:1      | Reached XP level 1. HP: 19/19 MP: 0/0
   284 | D:1      | Reached XP level 2. HP: 20/27 MP: 1/1
   926 | D:2      | Noticed Terence
   929 | D:2      | Reached XP level 3. HP: 31/34 MP: 2/2
   934 | D:2      | Killed Terence
   985 | D:2      | Noticed Ijyb
   997 | D:2      | Killed Ijyb
   997 | D:2      | Reached XP level 4. HP: 39/41 MP: 3/3
  1477 | D:2      | Noticed Jessica
  1483 | D:2      | Killed Jessica
  1483 | D:2      | Reached skill level 5 in Fighting
  1483 | D:2      | Reached skill level 5 in Axes
  1495 | D:2      | Reached XP level 5. HP: 42/48 MP: 4/4
  2175 | D:3      | Found a stormy altar of Qazlal.
  2183 | D:3      | Became a worshipper of Qazlal Stormbringer
  2635 | D:4      | Reached XP level 6. HP: 56/56 MP: 5/5
  2926 | D:4      | Noticed a hippogriff
  2939 | D:4      | Killed a hippogriff
  2970 | D:4      | Found Ogameog's Magic Scroll Shoppe.
  3117 | D:4      | Found a glowing drain.
  3125 | Sewer    | Entered a sewer
  3180 | Sewer    | Reached * piety under Qazlal
  3220 | Sewer    | Reached XP level 7. HP: 59/63 MP: 6/6
  3371 | Sewer    | Reached ** piety under Qazlal
  3857 | D:4      | Gained mutation: Your flesh is heat resistant. [potion of mutation]
  3857 | D:4      | Gained mutation: Your flesh is cold resistant. [potion of mutation]
  3857 | D:4      | Gained mutation: You are frail (-10% HP). [potion of mutation]
  3992 | D:4      | Found a staircase to the Ecumenical Temple.
  4222 | D:5      | Entered Level 5 of the Dungeon
  4332 | D:5      | Reached XP level 8. HP: 65/65 MP: 7/7
  4523 | D:5      | Reached *** piety under Qazlal
  4930 | D:6      | Reached skill level 10 in Axes
  5308 | D:7      | Noticed Prince Ribbit
  5348 | D:7      | Killed Prince Ribbit
  5599 | D:7      | Found an opulent altar of Gozag.
  5599 | D:7      | Found a sparkling altar of Nemelex Xobeh.
  5606 | D:7      | Reached XP level 9. HP: 73/73 MP: 8/8
  5729 | D:7      | Reached skill level 5 in Shields
  6577 | D:8      | Noticed a manticore
  6588 | D:8      | Killed a manticore
  6604 | D:8      | Got a steaming ring mail
  6622 | D:8      | Identified the +4 ring mail of Piamp {*Drain MR+ Regen+ Dex+2} (You took it off an orc warrior on level 8 of the Dungeon)
  6685 | D:8      | Noticed Erica
  6690 | D:8      | Banished Erica
  6690 | D:8      | Reached skill level 10 in Fighting
  6847 | D:8      | Reached XP level 10. HP: 83/83 MP: 9/9
  7049 | D:9      | Noticed Grum
  7116 | D:9      | Noticed a hill giant
  7128 | D:9      | Killed a hill giant
  7200 | D:9      | Reached **** piety under Qazlal
  7382 | D:9      | Reached skill level 10 in Shields
  7431 | D:9      | Found an oddly glowing altar of Pakellas.
  7529 | D:9      | Noticed Pikel
  7549 | D:9      | Killed Pikel
  7700 | D:9      | Noticed a centaur warrior
  7721 | D:9      | Killed a centaur warrior
  7830 | D:9      | Found a radiant altar of Vehumet.
  7835 | D:9      | Found a bloodstained altar of Trog.
  7841 | D:9      | Found a shadowy altar of Dithmenos.
  7841 | D:9      | Found a basalt altar of Yredelemnul.
  7849 | D:9      | Found a sacrificial altar of Ru.
  8026 | D:9      | Noticed a hill giant
  8085 | D:10     | Entered Level 10 of the Dungeon
  8109 | D:9      | Reached XP level 11. HP: 74/91 MP: 10/10
  8186 | D:10     | Got a faintly humming leather armour
  8194 | D:10     | Identified the +3 leather armour "Qugytz" {MR- Int+2 Dex+3} (You found it on level 10 of the Dungeon)
  8282 | D:10     | Found a staircase to the Orcish Mines.
  8355 | D:10     | Found Bionwen's Food Emporium.
  8377 | D:10     | Reached ***** piety under Qazlal
  8557 | D:10     | Bought a bread ration for 55 gold pieces
  8620 | D:10     | Noticed a centaur warrior
  8642 | D:10     | Killed a centaur warrior
  8643 | D:10     | Found Ceoh's Weapon Shoppe.
  8738 | D:10     | Found a staircase to the Lair.
  8800 | D:10     | Found a glowing silver altar of Zin.
  8996 | Lair:1   | Entered Level 1 of the Lair of Beasts
  9254 | Lair:1   | Noticed Fannar
  9437 | Lair:1   | Banished Fannar
 10328 | Lair:2   | Noticed a seven-headed hydra
 10340 | Lair:2   | Killed a seven-headed hydra
 10646 | Lair:2   | Reached XP level 12. HP: 101/101 MP: 11/11
 11580 | Lair:3   | Noticed a five-headed hydra
 11592 | Lair:3   | Killed a five-headed hydra
 11592 | Lair:3   | Reached skill level 1 in Short Blades
 12253 | Lair:4   | Noticed a death yak
 12266 | Lair:4   | Banished a death yak
 12285 | Lair:4   | Noticed a death yak
 12288 | Lair:4   | Noticed a death yak
 12294 | Lair:4   | Noticed a death yak
 12296 | Lair:4   | Noticed a death yak
 12314 | Lair:4   | Killed a death yak
 12330 | Lair:4   | Killed a death yak
 12408 | Lair:4   | Banished a death yak
 12432 | Lair:4   | Banished a death yak
 12463 | Lair:4   | Reached skill level 5 in Short Blades
 12561 | Lair:4   | Reached skill level 15 in Shields
 12604 | Lair:3   | Reached ****** piety under Qazlal
 12606 | Lair:3   | Reached XP level 13. HP: 63/110 MP: 12/12
 14650 | Lair:6   | Found a staircase to the Slime Pits.
 14652 | Lair:6   | Found a viscous altar of Jiyva.
 14724 | Lair:6   | Found a staircase to the Snake Pit.
 14794 | Lair:6   | Reached skill level 10 in Short Blades
 15031 | Lair:6   | Found a staircase to the Swamp.
 15141 | Lair:6   | Found a dark tunnel.
 15151 | Volcano  | Entered a volcano
 15865 | Lair:7   | Reached skill level 15 in Fighting
 15865 | Lair:7   | Reached XP level 14. HP: 105/121 MP: 13/13
 16719 | Lair:8   | Entered Level 8 of the Lair of Beasts
 16812 | Lair:8   | Reached XP level 15. HP: 116/128 MP: 14/14
 17191 | Lair:8   | Got a dazzling scale mail
 17817 | Lair:8   | Identified the +2 scale mail of Daisies {rN+ MP+9} (You found it on level 8 of the Lair of Beasts)
 18720 | Orc:1    | Entered Level 1 of the Orcish Mines
 18820 | Orc:1    | Found Kalyo's Book Boutique.
 18968 | Orc:1    | Reached skill level 15 in Short Blades
 19232 | Orc:1    | Found a radiant altar of Vehumet.
 19287 | Orc:2    | Entered Level 2 of the Orcish Mines
 19298 | Orc:2    | Noticed Saint Roka
 19522 | Orc:2    | Found a roughly hewn altar of Beogh.
 19675 | Orc:2    | Banished Saint Roka
 19941 | Orc:2    | Found a staircase to the Elven Halls.
 20030 | Orc:2    | Found Tunujima's Food Boutique.
 20031 | Orc:2    | Found Liacevua's Magic Scroll Shop.
 20211 | Orc:2    | Bought a scroll of identify for 26 gold pieces
 20211 | Orc:2    | Bought a scroll of remove curse for 39 gold pieces
 20211 | Orc:2    | Bought a scroll of identify for 26 gold pieces
 20759 | Orc:2    | Killed from afar by an orc sorcerer

Skill      XL: |  1  2  3  4  5  6  7  8  9 10 11 12 13 14 15 |
---------------+----------------------------------------------+-----
Axes           | 3 4 5 6 7 9 11 12 13 14 | 14.3
Fighting       | 4 5 6 7 8 10 11 12 13 15 16 | 16.8
Shields        | 4 8 11 13 15 16 | 16.2
Short Blades   | 6 10 12 16 | 16.4
Armour         | |  3.6

Action                   |  1- 3 |  4- 6 |  7- 9 | 10-12 | 13-15 || total
-------------------------+-------+-------+-------+-------+-------++-------
Melee: War axe           |    51 |       |       |       |       ||    51
       Headbutt          |    11 |    15 |    39 |   186 |   382 ||   633
       Short sword       |    14 |   111 |   324 |   681 |  1257 ||  2387
Throw: Tomahawk          |       |       |       |    19 |       ||    19
       Javelin           |       |       |       |     7 |       ||     7
Invok: Elemental Force   |       |       |       |       |     7 ||     7
Evoke: Wand              |       |       |     2 |     9 |    16 ||    27
  Use: Potion            |     3 |       |    16 |     4 |    10 ||    33
       Scroll            |     2 |       |    12 |    18 |    19 ||    51
  Eat: Bread ration      |       |     1 |     2 |       |     3 ||     6
       Chunk             |       |     3 |     6 |     6 |     6 ||    21
       Beef jerky        |       |       |     2 |     2 |     2 ||     6
       Fruit             |       |       |       |     2 |     3 ||     5
       Meat ration       |       |       |       |     1 |     1 ||     2
       Pizza             |       |       |       |     1 |       ||     1
       Royal jelly       |       |       |       |       |     2 ||     2
Armor: Scale mail        |    24 |    70 |   181 |       |       ||   275
       Ring mail         |       |       |     3 |   216 |   219 ||   438
Dodge: Dodged            |    21 |    50 |   109 |   214 |   297 ||   691
       Deflected         |       |       |       |     8 |    10 ||    18
Block: Shield            |    23 |    70 |   348 |   741 |  1169 ||  2351
